 Dungeon Crawl Stone Soup version 0.21-a0-641-geef9d7f (webtiles) character file.

9300 Esekla the Cleaver (level 11, -1/89 HPs)
             Began as a Red Draconian Enchanter on Dec 30, 2017.
             Was a High Priest of Makhleb.
             Slain by SlowGraham's ghost (2 damage)
             ... on level 10 of the Dungeon on Dec 31, 2017.
             The game lasted 02:38:10 (11924 turns).

Esekla the Cleaver (Red Draconian Enchanter)       Turns: 11924, Time: 02:38:11

Health: -1/89      AC: 12    Str: 12    XL:     11   Next: 21%
Magic:  15/15      EV: 15    Int: 15    God:    Makhleb [*****.]
Gold:   135        SH:  0    Dex: 14    Spells: 1/16 levels left

rFire    + . .     SeeInvis .   k - +1 war axe (flame)
rCold    + . .     Gourm    .   (no shield)
rNeg     . . .     Faith    .   (armour unavailable)
rPois    .         Spirit   .   E - +2 hat
rElec    .         Reflect  .   p - +2 cloak
rCorr    .         Harm     .   (no gloves)
MR       .....     Rnd*Rage +   (no boots)
Stlth    ++++......             (no amulet)
HPRegen  0.24/turn              L - ring of stealth
MPRegen  0.14/turn              K - ring of stealth

@: no status effects
A: breathe fire, unfitting armour, horns 1, berserk 1, cold resistance 1, fire
resistance 1, cold-blooded, AC +7
a: Breathe Fire, Minor Destruction, Lesser Servant of Makhleb, Major
Destruction, Greater Servant of Makhleb, Renounce Religion


You were on level 10 of the Dungeon.
You worshipped Makhleb.
Makhleb was extremely pleased with you.
You were not hungry.

You visited 1 branch of the dungeon, and saw 10 of its levels.
You also visited: Sewer and Ossuary.

You collected 399 gold pieces.
You spent 264 gold pieces at shops.

Inventory:

Hand Weapons
 d - a +0 antimagic dagger
 h - a +1 short sword of venom
 k - a +1 war axe of flaming (weapon)
 u - a +1 dagger of venom
 w - a +2 short sword of speed
Missiles
 o - 286 stones
 t - 18 tomahawks (quivered)
Armour
 p - a +2 cloak (worn)
 E - a +2 hat (worn)
 G - a scarf of repulsion
Jewellery
 f - an uncursed ring of resist corrosion
 K - a ring of stealth (right hand)
 L - a ring of stealth (left hand)
Wands
 D - a wand of random effects (32)
Scrolls
 a - 8 scrolls of remove curse
 l - 3 scrolls of fog
 n - 10 scrolls of teleportation
 q - 2 scrolls of enchant armour
 z - 4 scrolls of identify
 B - 2 scrolls of magic mapping
 J - a scroll of fear
Potions
 e - 2 potions of haste
 g - 2 potions of invisibility
 i - a potion of heal wounds
 j - 13 potions of curing
 m - 2 potions of magic
 r - a potion of mutation
 s - 6 potions of might
 v - 2 potions of brilliance
 x - 4 potions of flight
 A - 2 potions of ambrosia
 C - a potion of cancellation
 F - a potion of lignification
 M - a potion of resistance
Books
 b - a book of Maledictions

   Spells                             Type                      Level
   a - Corona                         Hexes                        1
   b - Ensorcelled Hibernation        Hexes/Ice                    2
   c - Confuse                        Hexes                        3
   d - Tukima's Dance                 Hexes                        3
   e - Dazzling Spray                 Conjuration/Hexes            3
 y - a book of Misfortune

   Spells                             Type                      Level
   a - Confusing Touch                Hexes                        1
   b - Confuse                        Hexes                        3
   c - Gell's Gravitas                Translocation                3
   d - Petrify                        Transmutation/Earth          4
   e - Metabolic Englaciation         Hexes/Ice                    5
   f - Yara's Violent Unravelling     Hexes/Transmutation          5
 H - a book of Air

   Spells                             Type                      Level
   a - Shock                          Conjuration/Air              1
   b - Swiftness                      Charms/Air                   2
   c - Static Discharge               Conjuration/Air              3
   d - Airstrike                      Air                          4
   e - Lightning Bolt                 Conjuration/Air              5
 I - a book of Changes

   Spells                             Type                      Level
   a - Beastly Appendage              Transmutation                1
   b - Sticks to Snakes               Transmutation                2
   c - Spider Form                    Transmutation/Poison         3
   d - Ice Form                       Ice/Transmutation            4
   e - Blade Hands                    Transmutation                5
Comestibles
 c - 8 rations


   Skills:
 - Level 6.0 Fighting
 * Level 6.7 Short Blades
 * Level 11.6 Axes
 + Level 6.1 Dodging
 - Level 2.6 Stealth
 + Level 3.3 Spellcasting
 + Level 3.4 Conjurations
 + Level 3.8 Hexes
   Level 1.1 Charms
 * Level 1.7 Translocations
 * Level 3.3 Air Magic


You had one spell level left.
You knew the following spells:

 Your Spells              Type           Power        Failure   Level  Hunger
a - Dazzling Spray        Conj/Hex       ##....       13%         3    ###....
b - Tukima's Dance        Hex            ##......     12%         3    ###....
c - Confuse               Hex            ##......     12%         3    ###....
d - Static Discharge      Conj/Air       ##......     14%         3    ###....
e - Gell's Gravitas       Tloc           #.........   28%         3    ###....


Dungeon Overview and Level Annotations

Branches:
Dungeon (10/15)            Temple (0/1) D:7
   Lair: D:8-11         Orc: D:9-12

Altars:
Ashenzari
Cheibriados
Elyvilon
Fedhas
Gozag
Hepliaklqana
Kikubaaqudgha
Makhleb
Nemelex Xobeh
Okawaru
Qazlal
Ru
Uskayaw
Vehumet

Shops:
D:5 (   D:6 **   D:7 (

Annotations:
D:10 SlowGraham's ghost, journeyman CeHu


Innate Abilities, Weirdness & Mutations

You can breathe blasts of fire.
Your fiery red scales are hard. (AC +7)
You cannot fit into any form of body armour.
Your flesh is heat resistant. (rF+)
You are cold-blooded and may be slowed by cold attacks.
You have a pair of small horns on your head.
You tend to lose your temper in combat.
Your flesh is cold resistant. (rC+)


Message History

SlowGraham's ghost hits you.
You hit SlowGraham's ghost but do no damage.
You headbutt SlowGraham's ghost, but do no damage.
SlowGraham's ghost is lightly damaged.
SlowGraham's ghost hits you! SlowGraham's ghost freezes you.
You slash SlowGraham's ghost! You burn SlowGraham's ghost.
You headbutt SlowGraham's ghost.
SlowGraham's ghost is moderately damaged.
SlowGraham's ghost shouts, "I have seen your future, and it is all used up."
SlowGraham's ghost hits you!! SlowGraham's ghost freezes you.
You hit SlowGraham's ghost. You burn SlowGraham's ghost.
SlowGraham's ghost is moderately damaged.
SlowGraham's ghost hits you!!
* * * LOW HITPOINT WARNING * * *
SlowGraham's ghost freezes you.
* * * LOW HITPOINT WARNING * * *
SlowGraham's ghost hits you!
* * * LOW HITPOINT WARNING * * *
SlowGraham's ghost freezes you.
You die...

........#........................
####....#........................
...#....#.....#'####.............
...#....#.....#....#.............
...#....#.....#....#.............
...#....#.....#....#.............
...#....#.....'....#.....#+###...
...###'##.....#.W..#.....#...#...
...#....#.....#.@..#.....#)..#...
...#....#.....#....#.....')..#...
...#....#.....######.....#...#...
...'....#.....# #......#...#...
...#....#.....# #......#####...
...######))...# #......# #...
.........))...# #......# #...
..............#####......# #...
.........................# #...


You could see SlowGraham's ghost.

Vanquished Creatures
  2 two-headed ogres (D:10)
  A gargoyle (D:10)
  2 kobold demonologists (D:10)
  2 trolls
  A hippogriff (D:10)
  2 wyverns (D:10)
  2 yaks (D:9)
  2 wraiths
  A water moccasin (D:8)
  3 orc warriors
  An ice beast (D:10)
  2 hornet zombies
  An ogre (D:6)
  An eye of draining (D:10)
  A necrophage (D:9)
  4 centaurs
  A crocodile (D:8)
  8 big kobolds
  Blork the orc (D:6)
  4 bullfrogs
  A wyvern zombie (Ossuary)
  3 water moccasin zombies (Ossuary)
  7 scorpions
  4 wights
  A howler monkey (D:9)
  8 crimson imps
  5 bullfrog zombies
  4 centaur zombies
  5 hounds
  3 bullfrog skeletons
  2 jellies
  6 orc priests
  3 iguanas
  10 orc wizards
  11 worker ants
  5 killer bee zombies
  3 hound zombies (Ossuary)
  A hound skeleton (D:7)
  9 mummies (Ossuary)
  2 worker ant zombies
  11 adders
  2 shadow imps
  An ooze (Sewer)
  2 adder skeletons
  8 adder zombies
  2 worms
  2 dart slugs (D:1)
  7 leopard geckos
  39 orcs
  3 ball pythons
  10 giant cockroaches
  6 goblins
  4 hobgoblins
  20 jackals
  27 kobolds
  2 quokkas (D:8)
  A ball python skeleton (D:4)
  A ball python zombie (Ossuary)
  10 bats
  12 frilled lizards
  A giant cockroach zombie (Ossuary)
  A leopard gecko skeleton (D:4)
  A leopard gecko zombie (Ossuary)
  A quokka skeleton (D:8)
  A quokka zombie (Ossuary)
  10 rats
320 creatures vanquished.

Vanquished Creatures (collateral kills)
  A two-headed ogre (D:9)
  An ogre (D:4)
2 creatures vanquished.

Vanquished Creatures (others)
  A dancing weapon (D:10)
  3 fungi (D:6)
  5 plants (D:5)
9 creatures vanquished.

Grand Total: 331 creatures vanquished

Notes
Turn   | Place    | Note
-------+----------+-------------------------------------------
     0 | D:1      | Esekla the Draconian Enchanter began the quest for the Orb.
     0 | D:1      | Reached XP level 1. HP: 14/14 MP: 3/3
   164 | D:1      | Reached XP level 2. HP: 18/22 MP: 5/5
   315 | D:1      | Reached skill level 1 in Fighting
   442 | D:2      | Found a burning altar of Makhleb.
   612 | D:2      | Became a worshipper of Makhleb the Destroyer
   642 | D:1      | Reached XP level 3. HP: 26/28 MP: 6/6
   647 | D:1      | Learned a level 3 spell: Tukima's Dance
  1102 | D:2      | Learned a level 3 spell: Dazzling Spray
  1423 | D:3      | Reached skill level 1 in Axes
  1423 | D:3      | Reached XP level 4. HP: 35/35 MP: 7/7
  1591 | D:4      | Found a shattered altar of Ashenzari.
  1674 | D:4      | Reached skill level 1 in Conjurations
  1880 | D:2      | Reached * piety under Makhleb
  1880 | D:2      | Reached XP level 5. HP: 41/41 MP: 8/8
  2361 | D:3      | Found a hide-covered altar of Uskayaw.
  2479 | D:3      | Found a faded altar of an unknown god.
  2606 | D:3      | Found an opulent altar of Gozag.
  2638 | D:4      | Noticed an ogre
  2943 | D:4      | Reached skill level 2 in Axes
  2956 | D:4      | Reached XP level 6. HP: 27/50 MP: 2/9
  2975 | D:4      | Found a hazy altar of Hepliaklqana.
  3149 | D:5      | Entered Level 5 of the Dungeon
  3216 | D:5      | Reached ** piety under Makhleb
  3224 | D:5      | Reached skill level 3 in Axes
  3260 | D:5      | Noticed an ice beast
  3314 | D:5      | Your scales start taking on a fiery red colour.
  3314 | D:5      | Reached XP level 7. HP: 23/56 MP: 6/10
  3314 | D:5      | Gained mutation: Your flesh is heat resistant. (rF+) [Red Draconian growth]
  3374 | D:5      | Found a glowing drain.
  3466 | D:5      | Found Copnonug's Antique Weapon Emporium.
  3577 | Sewer    | Entered a sewer
  3780 | Sewer    | Learned a level 3 spell: Confuse
  3970 | Sewer    | Reached skill level 4 in Axes
  3987 | Sewer    | Reached *** piety under Makhleb
  4248 | D:4      | Reached skill level 5 in Axes
  4440 | D:4      | Reached XP level 8. HP: 63/63 MP: 11/11
  4447 | D:4      | Found a stormy altar of Qazlal.
  4448 | D:4      | Found an iron altar of Okawaru.
  4449 | D:4      | Found a white marble altar of Elyvilon.
  4449 | D:4      | Found a blossoming altar of Fedhas.
  4449 | D:4      | Found a snail-covered altar of Cheibriados.
  4452 | D:4      | Found an ancient bone altar of Kikubaaqudgha.
  4453 | D:4      | Found a sparkling altar of Nemelex Xobeh.
  4453 | D:4      | Found a sacrificial altar of Ru.
  5246 | D:6      | Found Rokimimp's General Store.
  5295 | D:6      | Bought a potion of haste for 110 gold pieces
  5452 | D:6      | Found Gusukh's General Store.
  5549 | D:6      | Noticed Blork the orc
  5558 | D:6      | Killed Blork the orc
  5952 | D:7      | Reached skill level 6 in Axes
  6018 | D:7      | Found a white marble altar of Elyvilon.
  6052 | D:7      | Found Nuokum Ewken's Weapon Emporium.
  6063 | D:7      | Found a sand-covered staircase.
  6070 | Ossuary  | Entered an ossuary
  6246 | Ossuary  | Reached **** piety under Makhleb
  6532 | Ossuary  | Reached skill level 7 in Axes
  6572 | Ossuary  | Reached XP level 9. HP: 72/72 MP: 13/13
  7208 | D:7      | Reached skill level 8 in Axes
  7236 | D:7      | Found a staircase to the Ecumenical Temple.
  7320 | D:7      | Noticed a troll
  7353 | D:7      | Killed a troll
  7353 | D:7      | Reached skill level 5 in Short Blades
  7353 | D:7      | Reached skill level 5 in Dodging
  7759 | D:8      | Reached skill level 5 in Fighting
  7832 | D:9      | Noticed a two-headed ogre
  7843 | D:9      | Killed a two-headed ogre
  7843 | D:9      | Reached skill level 9 in Axes
  8134 | D:9      | Reached ***** piety under Makhleb
  8262 | D:8      | Reached XP level 10. HP: 49/81 MP: 14/14
  9188 | D:9      | Found a radiant altar of Vehumet.
  9364 | D:6      | Bought a +1 hat for 154 gold pieces
  9900 | D:9      | Reached skill level 10 in Axes
  9919 | D:9      | Learned a level 3 spell: Static Discharge
  9922 | D:9      | Learned a level 2 spell: Swiftness
 10093 | D:9      | Reached skill level 1 in Air Magic
 10279 | D:9      | Gained mutation: You tend to lose your temper in combat. [potion of mutation]
 10279 | D:9      | Gained mutation: You have a pair of small horns on your head. [potion of mutation]
 10279 | D:9      | Gained mutation: Your flesh is cold resistant. (rC+) [potion of mutation]
 10294 | D:10     | Entered Level 10 of the Dungeon
 10344 | D:10     | Noticed a two-headed ogre
 10456 | D:10     | Noticed a rust devil
 10459 | D:10     | Noticed a two-headed ogre
 10464 | D:10     | Noticed a rust devil
 10467 | D:10     | Noticed a sun demon
 10651 | D:10     | Killed a two-headed ogre
 10651 | D:10     | Reached skill level 11 in Axes
 11041 | D:10     | Noticed SlowGraham's ghost (journeyman CeHu)
 11058 | D:10     | Killed a two-headed ogre
 11058 | D:10     | Reached skill level 1 in Charms
 11058 | D:10     | Reached XP level 11. HP: 56/89 MP: 4/15
 11064 | D:10     | Learned a level 3 spell: Gell's Gravitas
 11155 | D:10     | Reached skill level 1 in Translocations
 11924 | D:10     | HP: 1/89 [SlowGraham's ghost (17)]
 11924 | D:10     | Slain by SlowGraham's ghost

Vault maps used:
D:1:      elethiomel_arrival_maze
D:2:      lemuel_round_altar
D:3:      eat_drink_and_be_merry_uskayaw, first_ration,
          chequers_ecumenical_altar_lobes, grunt_gozag_breadcrumbs
D:4:      lemuel_round_altar, evilmike_ruin_ashenzari,
          grunt_temple_overflow_open, chequers_big_river
D:5:      gup_sewer_entry_glass, serial_shops, shop, minmay_lizard_king
D:6:      serial_shops, shop_fountains, kennysheep_little_box, serial_aquarium,
          aquarium_bridge_square, aquarium_window_corner, aquarium_window_fake,
          aquarium_window_corridor_1, aquarium_view_2e, aquarium_view_2f,
          uniq_blork_the_orc
D:7:      minmay_temple_entry_junction_2, serial_shops, shop, enter_ossuary_2,
          basic_altar
D:9:      vehumet_crystals
Sewer:    kennysheep_pipe_town
Ossuary:  ossuary_zaba_flooded

Skill      XL: |  1  2  3  4  5  6  7  8  9 10 11 |
---------------+----------------------------------+-----
Dodging        | 2 3 4 5 6 |  6.1
Hexes          | 3 |  3.8
Fighting       | 1 2 3 4 5 6 |  6.0
Axes           | 1 2 3 5 7 9 11 | 11.6
Short Blades   | 2 3 4 5 6 |  6.7
Conjurations   | 1 2 3 |  3.4
Spellcasting   | 3 |  3.3
Air Magic      | 3 |  3.3
Charms         | 1 |  1.1
Translocations | 1 |  1.7
Stealth        | |  2.6

Action                   |  1- 3 |  4- 6 |  7- 9 | 10-12 || total
-------------------------+-------+-------+-------+-------++-------
Melee: Dagger            |    93 |    30 |   112 |    21 ||   256
       Tailslap          |    14 |    16 |    84 |    52 ||   166
       War axe           |    24 |    82 |   408 |   228 ||   742
       Short sword       |    23 |    64 |   118 |    70 ||   275
       Headbutt          |       |       |       |    35 ||    35
Throw: Stone             |     2 |     9 |     2 |       ||    13
       Tomahawk          |       |     5 |    59 |    24 ||    88
 Cast: Dazzling Spray    |       |     7 |     8 |     9 ||    24
       Tukima's Dance    |       |     2 |     4 |     7 ||    13
       Confuse           |       |       |     2 |       ||     2
 Abil: Breathe Fire      |       |       |     1 |     2 ||     3
  Use: Scroll            |     4 |     7 |    14 |     5 ||    30
       Potion            |       |       |     3 |     3 ||     6
 Stab: Sleeping          |     5 |     2 |     3 |     1 ||    11
       Invisible         |       |     1 |     2 |     2 ||     5
       Distracted        |       |       |     4 |     2 ||     6
       Confused          |       |       |     1 |       ||     1
  Eat: Ration            |     1 |     2 |     6 |     4 ||    13
Armor: Skin              |    57 |    76 |   267 |    77 ||   477
Dodge: Dodged            |    93 |   128 |   464 |   226 ||   911

Table legend:
 A = Spawn XP
 B = Non-spawn XP
 C = Spawn XP percentage of total XP
 D = Spawn monster count
 E = Non-spawn monster count
 F = Spawn count percentage of total count
 G = Total turns spent on level
                    A         B        C        D         E        F      G
               +---------+---------+-------+---------+---------+-------+---------
         Total |       0 |   13286 |   0.0 |       0 |     322 |   0.0 | 11924
               +---------+---------+-------+---------+---------+-------+---------
           D:1 |       0 |      36 |   0.0 |       0 |      21 |   0.0 |   936
           D:2 |       0 |      65 |   0.0 |       0 |      24 |   0.0 |   954
           D:3 |       0 |      87 |   0.0 |       0 |      21 |   0.0 |   884
           D:4 |       0 |     476 |   0.0 |       0 |      19 |   0.0 |  1120
           D:5 |       0 |     449 |   0.0 |       0 |      33 |   0.0 |   548
           D:6 |       0 |     453 |   0.0 |       0 |      16 |   0.0 |   935
           D:7 |       0 |    1019 |   0.0 |       0 |      23 |   0.0 |  1023
           D:8 |       0 |    1171 |   0.0 |       0 |      36 |   0.0 |   894
           D:9 |       0 |    2533 |   0.0 |       0 |      27 |   0.0 |  1775
          D:10 |       0 |    5457 |   0.0 |       0 |      41 |   0.0 |  1233
         Sewer |       0 |     448 |   0.0 |       0 |      24 |   0.0 |   602
       Ossuary |       0 |    1092 |   0.0 |       0 |      37 |   0.0 |  1020
               +---------+---------+-------+---------+---------+-------+---------
